 Dungeon Crawl Stone Soup version 0.29-a0-275-g389c0b56f3 (webtiles) character file.

Game seed: 7034584168611515690

2650 epen the Chiller (level 9, -3/73 (82) HPs)
             Began as a Naga Ice Elementalist on Mar 11, 2022.
             Was a Follower of Makhleb.
             Slain by a wight
             ... wielding a +4 short sword
              (5 damage)
             ... on level 8 of the Dungeon.
             The game lasted 00:14:04 (8342 turns).

epen the Chiller (Naga Ice Elementalist)            Turns: 8342, Time: 00:14:05

HP:   -3/73 (82)    AC: 20    Str: 10    XL:     9   Next: 62%
MP:   17/17         EV: 15    Int: 19    God:    Makhleb [*.....]
Gold: 414           SH:  0    Dex: 13    Spells: 12/19 levels left

rFire   . . .      SeeInvis +   d - +1 short sword
rCold   . . .      Faith    .   (no shield)
rNeg    . . .      Spirit   .   C - +0 steam dragon scales
rPois   +          Reflect  .   l - +0 helmet
rElec   .          Harm     .   q - +1 cloak
rCorr   .          Rampage  .   (no gloves)
Will    +....                   (no barding)
Stlth   ++........              y - amulet of magic regeneration
HPRegen 0.22/turn               o - +4 ring of evasion
MPRegen 0.55/turn               A - +4 ring of protection

@: ice-armoured, freezing walls, heavily drained, very slow
A: AC +3, large, see invisible, deformed body, poison resistance, slowness 2,
spit poison 1, naga tail 1
a: Spit Poison, Renounce Religion


You were on level 8 of the Dungeon.
You worshipped Makhleb.
Makhleb was aware of your devotion.
You visited 1 branch of the dungeon, and saw 8 of its levels.

You collected 414 gold pieces.

Inventory:

Hand Weapons
 d - a +1 short sword (weapon)
 H - a +0 dagger of freezing
Armour
 a - a +0 robe
 l - a +0 helmet (worn)
 n - the +3 ring mail "Faaqyiz" {rN+ Int+6}
   (You found it on level 2 of the Dungeon)

   Int:       It affects your intelligence (+6).
   rN:        It protects you from negative energy.
 q - a +1 cloak (worn)
 w - a +0 cloak
 C - +0 steam dragon scales (worn)
Jewellery
 k - a ring of ice
 o - a +4 ring of evasion (left hand)
 y - an amulet of magic regeneration (around neck)
 A - a +4 ring of protection (right hand)
 G - a ring of protection from fire
Wands
 c - a wand of acid (6)
 m - a wand of flame (27)
 p - a wand of digging (3)
 r - a wand of paralysis (6)
 z - a wand of polymorph (10)
 B - a wand of charming (14)
Scrolls
 t - 2 scrolls of magic mapping
 x - 3 scrolls of teleportation
 D - a scroll of amnesia {unknown}
 E - a scroll of holy word {unknown}
 F - a scroll of fear
Potions
 b - 3 potions of magic
 e - a potion of attraction {unknown}
 f - 2 potions of curing
 g - 2 potions of ambrosia
 h - a potion of might {unknown}
 i - 5 potions of flight {unknown}
 j - a potion of heal wounds
 s - a potion of mutation {unknown}
 u - a potion of degeneration {unknown}
 v - 2 potions of brilliance
 I - a potion of berserk rage {unknown}


   Skills:
 + Level 5.8 Fighting
 + Level 5.2 Dodging
 - Level 3.0 Stealth
 + Level 5.7 Spellcasting
 + Level 7.2 Ice Magic
 + Level 4.9 Invocations


You had 12 spell levels left.
You knew the following spells:

 Your Spells              Type           Power      Damage    Failure   Level
a - Freeze                Ice            100%       1d11      1%          1
b - Frozen Ramparts       Ice            64%        1d8       1%          3
c - Ozocubu's Armour      Ice            32%        N/A       1%          3

Your spell library contained the following spells:

 Spells                   Type           Power      Damage    Failure   Level
 Beastly Appendage        Tmut           10%        N/A       12%         1
 Corpse Rot               Necr/Air       10%        N/A       17%         2
 Poisonous Vapours        Pois/Air       10%        N/A       17%         2
 Wereblood                Tmut           5%         N/A       17%         2
 Hailstorm                Conj/Ice       19%        3d6       26%         4
 Spider Form              Tmut/Pois      5%         N/A       34%         3


Dungeon Overview and Level Annotations

Branches:
Dungeon (8/15)             Temple (0/1) D:5
   Lair: D:8-11

Altars:
Elyvilon
Gozag
Makhleb
Vehumet
Zin
The Shining One

Annotations:
D:5 2 transporters, Ajdolov's ghost, novice SpHu
D:7 2 transporters, cheburek's ghost, novice DDFi


Innate Abilities, Weirdness & Mutations

Your serpentine skin is tough. (AC +3)
You have supernaturally acute eyesight. (SInv)
Armour fits poorly on your strangely shaped body.
Your system is resistant to poisons. (rPois)
You cover ground very slowly.
You can spit poison.
You have a snake-like lower body.


Message History

You barely miss the wight.
The wight is heavily damaged.
The frozen ramparts melt away.
Casting: Frozen Ramparts (safe; 1% risk of failure)
Confirm with . or Enter, or press ? or * to list all spells.
Casting: Frozen Ramparts (safe; 1% risk of failure)
Press: ? - help, Dir - look around, f - activate The walls around you are covered in ice.
The wight resists.
The wall freezes the wight.
The wight resists.
The wall freezes the wight.
The wight barely misses you.
You hit the wight.
The wight is severely damaged.
The wight resists.
The wall freezes the wight.
The wight hits you with a +4 short sword.
* * * LOW HITPOINT WARNING * * *
You feel drained.
* * * LOW HITPOINT WARNING * * *
The wight resists.
The wall freezes the wight.
The wight resists.
The wall freezes the wight.
The wight barely misses you.
You hit the wight but do no damage.
The wight is almost destroyed.
The wight completely resists.
The wall freezes the wight but does no damage.
The wight closely misses you.
The wight resists.
The wall freezes the wight.
The wight resists.
The wall freezes the wight.
The wight misses you.
You completely miss the wight.
The wight is almost destroyed.
The wight resists.
The wall freezes the wight.
The wight barely misses you.
The wight completely resists.
The wall freezes the wight but does no damage.
The wight completely resists.
The wall freezes the wight but does no damage.
The wight closely misses you.
You barely miss the wight.
The wight is almost destroyed.
The wight resists.
The wall freezes the wight.
The wight hits you with a +4 short sword!
* * * LOW HITPOINT WARNING * * *
You feel drained.
You die...

............##.#..##
..
.......#.#......##
..
.............##..#
.. ................#
..
..##.......)....###
.. ##
#............:.## ..
#................##
..
#......#####......#
).......##..@z...^.#
........#...#z#..###
.......##z####
..#... ... # ##.
...# ## .... ##...#
#.##


You could see 3 wights.

Vanquished Creatures
  Maurice (D:8)
  A steam dragon (D:7)
  An orc warrior (D:7)
  An ice beast (D:8)
  A black bear (D:6)
  4 centaurs
  2 kobold brigands (D:7)
  3 bullfrogs
  2 scorpions (D:4)
  6 wights
  6 hounds
  Crazy Yiuf (D:5)
  A gnoll shaman (D:5)
  3 orc priests
  Natasha (thrice) (D:3)
  2 iguanas
  7 orc wizards
  4 gnolls (D:5)
  8 adders
  A shadow imp (D:6)
  A white imp (D:6)
  An ufetubus (D:5)
  2 worms
  2 dart slugs
  20 orcs
  6 bats
  5 endoplasms
  8 giant cockroaches
  3 goblins
  8 hobgoblins
  18 kobolds
  5 quokkas
  10 ball pythons
  A frilled lizard (D:1)
  5 rats
153 creatures vanquished.

Vanquished Creatures (others)
  A plant (D:5)
1 creature vanquished.

Grand Total: 154 creatures vanquished

Notes
Turn   | Place    | Note
-------+----------+-------------------------------------------
     0 | D:1      | epen the Naga Ice Elementalist began the quest for the Orb.
     0 | D:1      | Reached XP level 1. HP: 15/15 MP: 3/3
   451 | D:1      | Reached XP level 2. HP: 17/24 MP: 1/5
   686 | D:1      | Noticed a great orb of eyes
   695 | D:1      | Found a faded altar of an unknown god.
   695 | D:1      | Noticed an eye of devastation
   698 | D:1      | Noticed a shining eye
   710 | D:1      | Noticed a shining eye
   947 | D:1      | Reached skill level 1 in Fighting
  1303 | D:1      | Reached XP level 3. HP: 27/31 MP: 6/6
  1313 | D:1      | Learned a level 3 spell: Frozen Ramparts
  1849 | D:2      | Reached XP level 4. HP: 36/38 MP: 3/7
  1897 | D:2      | Identified the +3 ring mail "Faaqyiz" {rN+ Int+6}
  1950 | D:2      | Found an opulent altar of Gozag.
  2496 | D:3      | Noticed Natasha
  2622 | D:3      | Paralysed by an orc for 7 turns
  2710 | D:3      | Reached XP level 5. HP: 40/45 MP: 9/9
  3066 | D:3      | Killed Natasha
  3228 | D:3      | Noticed Natasha
  3236 | D:3      | Killed Natasha
  3358 | D:3      | Noticed Natasha
  3362 | D:3      | Killed Natasha
  3513 | D:4      | Reached XP level 6. HP: 51/55 MP: 6/10
  3607 | D:4      | Reached skill level 5 in Ice Magic
  4136 | D:4      | Learned a level 3 spell: Ozocubu's Armour
  4249 | D:4      | Found a white marble altar of Elyvilon.
  4250 | D:4      | Found a glowing silver altar of Zin.
  4251 | D:4      | Found a glowing golden altar of the Shining One.
  4286 | D:5      | Entered Level 5 of the Dungeon
  4286 | D:5      | Found a burning altar of Makhleb.
  4288 | D:5      | Noticed an Executioner
  4300 | D:5      | Noticed a smoke demon
  4300 | D:5      | Noticed a neqoxec
  4339 | D:5      | Reached XP level 7. HP: 49/62 MP: 8/12
  4383 | D:5      | Became a worshipper of Makhleb the Destroyer
  4490 | D:5      | Found a staircase to the Ecumenical Temple.
  4510 | D:5      | Found a runed translucent door.
  4511 | D:5      | Noticed Crazy Yiuf
  4578 | D:5      | Found a transporter.
  4624 | D:5      | Noticed Ajdolov's ghost (novice SpHu)
  4717 | D:5      | Found a transporter.
  4752 | D:5      | Reached skill level 1 in Invocations
  5242 | D:5      | Killed Crazy Yiuf
  5463 | D:6      | Reached XP level 8. HP: 63/72 MP: 6/14
  5581 | D:6      | Reached skill level 6 in Ice Magic
  5836 | D:6      | Found a radiant altar of Vehumet.
  6855 | D:7      | Found a transporter.
  6856 | D:7      | Noticed cheburek's ghost (novice DDFi)
  6857 | D:7      | Found a transporter.
  6857 | D:7      | Identified the +9 great mace "Nuamiupo" {vamp, Fly rPois}
  6857 | D:7      | Identified the +3 great mace "Saomysal" {vorpal, MP+9 Str+2
                  | Int-3 Stlth+}
  6857 | D:7      | Noticed a two-headed ogre
  6900 | D:7      | Reached * piety under Makhleb
  7070 | D:7      | Reached skill level 5 in Fighting
  7070 | D:7      | Reached skill level 5 in Spellcasting
  7081 | D:7      | Reached XP level 9. HP: 43/81 MP: 14/16
  7541 | D:8      | Noticed Maurice
  7937 | D:8      | Reached skill level 5 in Dodging
  7937 | D:8      | Reached skill level 7 in Ice Magic
  8174 | D:8      | Killed Maurice
  8342 | D:8      | HP: 2/75 [wight/+4 short sword (10)]
  8342 | D:8      | Slain by a wight

Illustrated notes

Levels and vault maps discovered:
D:1:      dpeg_arrival_pond, layout_rooms,
          hellmonk_ecumenical_altar_watching_god, kennysheep_pointless_box,
          minivault_14
D:2:      layout_loops_ring, basic_altar, minmay_heptomino_d4
D:3:      wad_pebble_path, layout_loops_ring, uniq_natasha
D:4:      layout_basic, good_gods_temple_1
D:5:      layout_cave_pools, makhleb_altar_promises_db,
          minmay_temple_entry_mini_moons, gammafunk_ghost_mausoleum,
          serial_bayou_pond_a, uniq_crazy_yiuf_cottage
D:6:      layout_layer_cave, vehumet_crystals
D:7:      layout_basic, gammafunk_ghost_smash
D:8:      layout_cave_pools, uniq_maurice

Skill      XL: |  1  2  3  4  5  6  7  8  9 |
---------------+----------------------------+-----
Fighting       | 1 2 3 4 5 |  5.8
Dodging        | 2 3 4 5 |  5.2
Spellcasting   | 3 4 5 |  5.7
Ice Magic      | 5 6 7 |  7.2
Invocations    | 1 3 4 |  4.9
Stealth        | |  3.0

Action                   |  1- 3 |  4- 6 |  7- 9 || total
-------------------------+-------+-------+-------++-------
Melee: Unarmed           |     8 |       |       ||     8
       Short sword       |    61 |   138 |   212 ||   411
       Punch             |       |     2 |     2 ||     4
 Cast: Freeze            |    17 |     4 |    30 ||    51
       Frozen Ramparts   |       |    11 |    30 ||    41
       Ozocubu's Armour  |       |       |     7 ||     7
 Abil: Spit Poison       |     5 |     1 |     5 ||    11
Evoke: Wand              |       |       |     1 ||     1
  Use: Scroll            |       |     6 |     6 ||    12
       Potion            |       |       |     1 ||     1
 Stab: Sleeping          |     2 |     4 |       ||     6
Armor: Robe              |    26 |       |       ||    26
       Ring mail         |       |    83 |    92 ||   175
       Steam dragon scal |       |       |    57 ||    57
Dodge: Dodged            |    53 |   111 |   265 ||   429

Table legend: (Time is in decaauts)
 A = Elapsed time spent in this place.
 B = Non-inter-level travel time spent in this place.
 C = Inter-level travel time spent in this place.
 D = Time resting spent in this place.
 E = Time spent auto-exploring this place.
 F = Levels seen in this place.
 G = Mean time per level.
                   A        B        C        D        E       F      G
               +--------+--------+--------+--------+--------+-----+--------+
         Total |  10104 |   9668 |    436 |   1055 |   6959 |   8 | 1263.0 |
       Dungeon |  10104 |   9668 |    436 |   1055 |   6959 |   8 | 1263.0 |
               +--------+--------+--------+--------+--------+-----+--------+

Top non-repeatable levels by time:
     D:1: 1822 daAuts
     D:7: 1621 daAuts
     D:6: 1464 daAuts
     D:5: 1224 daAuts
     D:3: 1190 daAuts
     D:2: 1135 daAuts
     D:4: 1013 daAuts
     D:8: 631 daAuts
